Map: Terrazas hostiles

Players

MrFercho

  • Race: Zerg Zerg
  • League: Silver
  • Spawn Location: 12:00

tigro

  • Race: Terran Terran
  • League: Bronze
  • Spawn Location: 1:00

TATORREA - Winner!

  • Race: Protoss Protoss
  • League: Silver
  • Spawn Location: 12:00

VOD

Have the link to the VOD?

Description

Time

  • Played on: June 26, 2020, 11:16 p.m.
  • Length: 31:04
Show
View Real Time Build Order
Export as new Build Order

MrFercho Zerg 

Build Orders: Pool First 

Get SALT Encoding   

  12  0:01  Drone  
  13  0:14  Overlord  
  13  0:18  Drone  
  14  0:32  Drone x2  
  16  0:35  Drone  
  17  0:53  Spawning Pool  
  16  1:09  Extractor  
  15  1:15  Drone x3  
  18  1:26  Drone  
  19  1:37  Drone  
  20  1:47  Extractor  
  19  1:48  Queen  
  19  1:50  Overlord  
  21  2:08  Zergling x2  
  22  2:20  Drone x2  
  23  2:32  Evolution Chamber, Drone  
  23  2:41  Drone  
  24  2:53  Zergling x2  
  25  3:00  Zergling x2  
  25  3:01  Zergling x4  
  25  3:03  Metabolic Boost  
  25  3:05  Lair  
  28  3:07  Zerg Melee Weapons Level 1  
  28  3:09  Zergling x2  
  29  3:16  Hatchery  
  28  3:22  Zergling x2  
  29  3:29  Zergling x2  
  30  3:40  Overlord  
  30  3:52  Overlord  
  30  4:00  Zergling x2  
  30  4:01  Zergling x4  
  33  4:08  Hydralisk Den, Drone  
  33  4:17  Zergling x2  
  34  4:31  Zergling x2  
  34  4:32  Zergling x4  
  34  4:46  Drone x2  
  34  4:51  Hydralisk x2  
  35  5:11  Hydralisk  
  35  5:12  Hydralisk x2  
  36  5:32  Muscular Augments  
  36  5:34  Zergling x8  
  37  5:36  Queen  
  35  5:53  Zergling x4  
  37  5:59  Zerg Melee Weapons Level 2  
  32  6:13  Drone x3  
  32  6:15  Queen  
  36  6:29  Zergling x2  
  36  6:30  Zergling x4  
  34  6:44  Grooved Spines  
  34  6:52  Drone x3  
  34  7:07  Hydralisk x3  
  38  7:10  Drone  
  39  7:36  Extractor, Drone x3  
  39  7:40  Zergling x8  
  39  7:41  Extractor  
  36  7:53  Hydralisk  
  38  8:05  Hydralisk Den  
  30  8:27  Spawning Pool  
  30  8:31  Evolution Chamber  
  28  8:38  Overlord  
  28  8:39  Overlord x5  
  28  9:14  Lair  
  28  9:32  Hatchery x2  
  28  9:34  Drone x3  
  28  9:35  Drone  
  30  9:49  Baneling Nest  
  30  9:52  Drone  
  30  9:53  Drone x2  
  32  10:22  Zerg Missile Weapons Level 1  
  32  10:29  Extractor, Infestation Pit  
  32  10:34  Extractor  
  29  10:42  Drone x8  
  37  10:56  Centrifical Hooks  
  37  10:59  Zergling x2  
  37  11:00  Zergling x8  
  42  11:06  Queen  
  44  11:13  Zergling x8  
  48  11:24  Nydus Network  
  47  11:30  Overseer  
  47  11:33  Pneumatized Carapace  
  47  11:36  Drone x7  
  54  11:51  Drone x3  
  57  12:00  Baneling x9  
  57  12:12  Zergling x2  
  57  12:13  Zergling x10  
  57  12:15  Queen  
  63  12:20  Zerg Ground Armor Level 1  
  65  12:29  Hydralisk x3  
  71  12:33  Hydralisk  
  73  13:09  Nydus Canal  
  73  13:20  Drone x2  
  73  13:21  Drone x7  
  78  13:44  Overseer  
  59  14:07  Spire  
  58  14:12  Drone x5  
  58  14:13  Drone x6  
  69  14:20  Extractor x2  
  67  14:30  Hatchery  
  66  14:33  Hatchery  
  65  14:45  Drone x6  
  71  15:15  Drone x10  
  71  15:16  Hatchery  
  80  15:22  Hatchery  
  80  15:27  Overlord x4  
  79  15:37  Hatchery  
  79  15:40  Hive  
  78  15:44  Zerg Missile Weapons Level 2  
  78  15:55  Evolution Chamber  
  77  16:01  Hydralisk x3  
  77  16:02  Hydralisk x19  
  121  16:15  Drone x5  
  126  16:31  Overseer  
  126  17:02  Nydus Canal  
  126  17:10  Drone x4  
  126  17:11  Drone x8  
  136  17:41  Corruptor  
  136  17:42  Corruptor x4  
  144  17:54  Extractor  
  144  17:55  Extractor  
  140  18:12  Zerg Ground Armor Level 2  
  140  18:13  Zerg Missile Weapons Level 3  
  140  18:16  Greater Spire  
  138  18:24  Corruptor  
  140  18:28  Overlord x10  
  140  18:29  Overlord x8  
  136  19:00  Corruptor  
  136  19:01  Corruptor x27  
  136  19:02  Corruptor x4  
  153  19:55  Hydralisk x7  
  153  19:56  Hydralisk x17  
  173  20:09  Brood Lord x3  
  116  20:43  Burrow  
  113  20:56  Hydralisk  
  113  20:57  Hydralisk x11  
  131  21:08  Lair  
  129  21:38  Drone  
  129  21:39  Drone x11  
  141  21:57  Hatchery  
  141  21:59  Hatchery  
  139  22:16  Hive  
  3  24:22  Drone  
  3  24:39  Hatchery  
  2  24:46  Drone x3  
  5  25:21  Spawning Pool  
  4  26:22  Drone x2  
  4  26:23  Drone  
  7  26:28  Lair  
  7  27:49  Queen  
  9  27:51  Infestation Pit  
  8  28:14  Drone  
  8  28:15  Drone x2  
  11  28:45  Infestor x5  
  11  29:28  Neural Parasite  
Show
View Real Time Build Order
Export as new Build Order

tigro Terran 

Build Orders:  

Get SALT Encoding   

  12  0:02  SCV  
  13  0:14  SCV  
  14  0:24  Supply Depot  
  14  0:30  SCV  
  15  0:37  Refinery  
  15  0:45  SCV  
  16  0:51  Barracks  
  16  1:02  SCV, Refinery  
  17  1:14  SCV  
  18  1:26  SCV  
  19  1:39  SCV  
  20  1:41  Marine  
  21  1:51  SCV  
  21  1:53  Barracks  
  22  1:58  Marine  
  23  2:14  Supply Depot  
  23  2:27  Orbital Command  
  23  2:35  Marine  
  24  2:45  Barracks Reactor  
  24  2:53  Marine  
  24  2:57  SCV  
  26  3:09  SCV  
  26  3:11  Marine  
  28  3:16  Factory  
  28  3:34  Barracks Tech Lab  
  28  3:52  Engineering Bay  
  28  3:56  Combat Shield  
  28  4:13  Starport  
  28  4:17  Factory Tech Lab  
  28  4:21  Marine x3  
  31  4:27  Terran Infantry Weapons Level 1  
  31  4:39  Marine x3  
  34  4:52  Starport  
  34  4:57  Marine x3  
  26  5:14  Marine  
  26  5:15  Marine x2, Siege Tank  
  26  5:19  Medivac  
  33  5:32  Marine x3  
  30  5:50  Marine x3  
  29  6:08  Marine x2  
  29  6:09  Marine  
  27  6:25  Starport Tech Lab  
  24  6:26  Marine x2  
  24  6:29  Siege Tank  
  28  6:41  Barracks Tech Lab  
  28  6:43  Marine  
  28  6:44  Marine  
  28  6:46  Banshee  
  26  7:01  Marine x2  
  24  7:24  Marine x3  
  24  7:29  Banshee  
  28  7:42  Marine x3  
  31  8:00  Marine  
  30  8:21  Supply Depot  
  30  8:43  Banshee  
  32  9:17  Terran Infantry Armor Level 1  
  32  9:25  Banshee  
  35  9:41  SCV  
  36  9:53  SCV  
  37  10:05  SCV  
  38  10:18  SCV  
  39  10:53  Banshee  
  39  10:54  Siege Tank, SCV  
  46  11:06  SCV  
  46  11:09  Starport Tech Lab  
  47  11:11  Hi-Sec Auto Tracking  
  47  11:33  Command Center  
  47  11:43  Cloaking Field  
  47  12:03  Supply Depot  
  47  12:08  Neosteel Armor  
  47  12:24  SCV  
  47  12:26  Supply Depot  
  48  12:36  SCV  
  49  12:48  SCV  
  50  13:03  SCV  
  51  13:06  Refinery  
  51  13:12  SCV  
  52  13:15  SCV  
  53  13:24  SCV  
  54  13:27  SCV  
  54  13:29  Refinery  
  55  13:36  SCV  
  55  13:39  SCV  
  58  13:51  SCV  
  58  14:04  SCV  
  58  14:08  Fusion Core  
  59  14:16  Mag-Field Accelerator, SCV  
  60  14:28  SCV  
  61  14:32  Missile Turret  
  61  14:42  Stimpack  
  61  14:56  Armory  
  61  15:02  Missile Turret  
  61  15:24  Battlecruiser, Missile Turret  
  61  15:27  Medivac  
  69  15:43  SCV  
  70  15:54  Terran Infantry Weapons Level 2  
  70  15:55  Infernal Pre-Igniter, SCV  
  71  15:57  Battlecruiser  
  77  16:07  SCV  
  78  16:22  Concussive Shells  
  45  17:06  Marine  
  45  17:07  Marine x2  
  42  17:14  Thor  
  48  17:24  Marine x3  
  45  17:42  Marine x3  
  23  18:00  Marine x3  
  17  18:32  Marine x2  
  11  18:49  Marine  
  11  18:50  Marine  
  10  19:03  Command Center  
  10  19:07  Marine  
  10  19:08  Marine  
  12  19:10  Supply Depot  
  12  19:25  Marine x2  
  14  19:32  Supply Depot  
  14  19:35  Refinery  
  14  19:36  Refinery  
  14  19:43  Marine x2  
  16  20:01  Marine x2  
  16  20:03  Factory Tech Lab  
  18  20:36  Engineering Bay  
  18  20:51  Barracks  
  18  21:14  Armory  
  18  21:47  Barracks Tech Lab  
  18  21:59  SCV  
  19  22:09  Starport  
  19  22:26  SCV  
  20  22:38  SCV  
  21  22:50  SCV  
  22  23:02  SCV  
  23  23:07  Starport Tech Lab  
  23  23:14  SCV  
  24  23:26  SCV  
  25  23:30  Fusion Core  
  25  23:38  SCV  
  26  23:46  Medivac  
  28  23:49  Marine  
  29  24:13  Thor  
  35  24:26  SCV  
  36  24:38  SCV  
  37  24:51  SCV  
  38  25:02  Missile Turret  
  38  25:03  SCV  
  39  25:15  SCV  
  34  25:27  SCV  
  25  25:33  Missile Turret  
  22  25:56  Barracks  
Show
View Real Time Build Order
Export as new Build Order

TATORREA Protoss - Winner!

Build Orders:  

Get SALT Encoding   

  12  0:01  Probe  
  13  0:13  Probe  
  14  0:20  Pylon  
  14  0:43  Probe  
  15  0:55  Gateway  
  15  0:57  Probe  
  15  0:58  Gateway  
  15  1:03  Assimilator  
  16  1:08  Probe  
  17  1:16  Probe  
  17  1:25  Pylon  
  18  1:31  Probe  
  19  1:43  Assimilator, Probe  
  20  1:47  Pylon  
  20  1:50  Pylon  
  20  1:51  Probe  
  20  1:54  Zealot  
  22  2:00  Zealot  
  25  2:01  Probe  
  26  2:13  Probe  
  27  2:25  Probe  
  28  2:30  Cybernetics Core  
  28  2:37  Probe  
  29  2:50  Probe  
  30  3:02  Probe  
  31  3:06  Nexus  
  31  3:11  Probe  
  31  3:13  Pylon  
  31  3:19  Probe  
  32  3:20  Warp Gate  
  33  3:28  Probe  
  34  3:35  Stalker  
  34  3:40  Probe  
  37  3:43  Stalker  
  39  3:52  Probe  
  40  4:11  Probe  
  41  4:19  Probe  
  41  4:23  Probe  
  43  4:26  Assimilator  
  43  4:28  Assimilator  
  43  4:31  Probe  
  44  4:35  Probe  
  45  4:38  Stargate  
  45  4:41  Robotics Facility  
  45  4:42  Stargate  
  45  4:43  Probe  
  14  5:10  Stalker x2  
  15  5:26  Probe  
  15  5:27  Probe  
  15  5:34  Probe  
  15  5:35  Probe  
  19  5:43  Probe x2  
  21  5:55  Probe x2  
  23  5:59  Zealot  
  25  6:07  Probe x2  
  27  6:19  Probe x2  
  29  6:26  Void Ray  
  29  6:31  Probe x2  
  35  6:43  Probe x2  
  37  6:51  Void Ray  
  41  6:54  Probe x2  
  43  7:02  Probe x2  
  45  7:10  Probe x2  
  47  7:22  Probe  
  48  7:23  Probe  
  49  7:34  Probe  
  49  7:35  Probe  
  51  7:39  Pylon  
  51  7:43  Pylon  
  51  7:46  Probe  
  51  7:47  Pylon, Probe  
  53  7:56  Void Ray  
  53  7:58  Probe  
  58  7:59  Probe  
  58  8:01  Void Ray  
  63  8:10  Probe  
  63  8:11  Probe  
  65  8:12  Stalker  
  65  8:16  Stalker  
  69  8:22  Probe  
  69  8:23  Probe  
  71  8:38  Nexus  
  71  8:42  Pylon  
  71  8:43  Probe x2  
  73  8:53  Probe x2  
  73  8:54  Stalker x2  
  78  9:01  Probe  
  78  9:02  Probe  
  81  9:15  Robotics Bay  
  81  9:17  Forge  
  81  9:20  Forge  
  81  9:22  Forge  
  81  9:23  Probe x2  
  83  9:35  Probe x2  
  85  9:47  Probe x2  
  85  9:51  Pylon  
  87  9:54  Pylon  
  87  9:56  Gateway  
  87  9:58  Gateway  
  87  9:59  Pylon  
  87  10:02  Protoss Ground Weapons Level 1  
  87  10:03  Gateway  
  87  10:04  Protoss Ground Armor Level 1  
  87  10:06  Gateway, Protoss Shields Level 1  
  87  10:09  Observer  
  88  10:15  Assimilator  
  88  10:16  Assimilator  
  88  10:31  Probe  
  88  10:32  Probe x2  
  91  10:39  Extended Thermal Lance  
  91  10:44  Probe x3  
  91  10:46  Void Ray x2  
  91  10:47  Colossus  
  108  11:05  Probe x2  
  108  11:10  Stalker  
  112  11:11  Stalker  
  112  11:13  Stalker  
  112  11:14  Stalker  
  112  11:15  Stalker x2, Pylon  
  112  11:16  Pylon  
  112  11:18  Probe x3  
  125  11:30  Probe x3  
  128  11:35  Nexus  
  128  11:42  Probe x3  
  131  11:54  Twilight Council, Probe x3  
  133  11:57  Sentry x2  
  133  11:58  Sentry x3  
  133  11:59  Sentry  
  146  12:06  Probe x3  
  149  12:13  Assimilator  
  149  12:22  Assimilator  
  149  12:28  Pylon  
  149  12:33  Pylon  
  149  12:40  Pylon  
  149  12:41  Pylon  
  149  12:46  Void Ray x2  
  149  12:47  Immortal  
  161  12:55  Pylon, Protoss Ground Weapons Level 2  
  161  12:56  Pylon, Protoss Ground Armor Level 2  
  161  12:57  Protoss Shields Level 2  
  161  13:00  Pylon  
  161  13:02  Pylon  
  161  13:08  Nexus  
  161  13:09  Nexus  
  161  13:10  Stalker x2  
  161  13:11  Stalker x3  
  161  13:12  Stalker  
  173  13:26  Colossus  
  155  13:51  Probe x3  
  158  14:03  Probe x3  
  161  14:15  Probe x3  
  164  14:20  Observer  
  165  14:27  Probe x2  
  165  14:28  Stalker x5  
  165  14:29  Stalker  
  179  14:31  Protoss Air Weapons Level 1  
  179  14:34  Void Ray  
  179  14:35  Void Ray  
  187  14:41  Colossus  
  193  14:50  Probe x3  
  196  14:55  Assimilator  
  196  15:02  Probe x3  
  199  15:14  Protoss Ground Weapons Level 3, Probe  
  199  15:18  Protoss Ground Armor Level 3  
  199  15:20  Protoss Shields Level 3  
  200  15:23  Templar Archives  
  200  15:56  Gateway  
  200  15:58  Gateway  
  200  16:06  Gateway  
  200  16:10  Gateway  
  200  16:12  Gateway  
  200  16:14  Gateway  
  200  16:18  Gateway  
  200  16:22  Gateway  
  200  16:32  Gateway  
  200  16:34  Gateway  
  200  16:37  Gateway  
  200  16:39  Gateway  
  200  16:40  Protoss Air Armor Level 1  
  200  16:41  Gateway  
  200  16:47  Gateway  
  200  16:50  Gateway  
  200  16:53  Gateway  
  200  16:56  Gateway  
  200  16:57  Gateway  
  200  17:00  Gateway  
  192  17:02  Gateway  
  191  17:18  High Templar x3  
  191  17:19  High Templar  
  199  17:30  Fleet Beacon  
  199  17:50  Archon  
  199  17:51  Archon  
  199  17:55  Assimilator x2  
  199  17:57  Assimilator  
  199  18:05  Assimilator  
  199  18:38  Protoss Air Weapons Level 2  
  199  19:37  Stargate  
  199  19:39  Stargate  
  199  19:42  Stargate  
  199  19:44  Stargate  
  179  19:50  Stargate  
  157  19:53  Stargate  
  135  20:22  High Templar  
  135  20:23  High Templar x4  
  135  20:24  High Templar x3  
  135  20:25  High Templar x2  
  135  20:26  High Templar x2  
  135  20:27  High Templar x2  
  153  20:28  High Templar  
  153  20:29  High Templar x2  
  153  20:30  High Templar  
  153  20:31  High Templar x3  
  153  20:32  High Templar x3  
  153  20:33  High Templar x2  
  165  20:37  Archon x3  
  165  20:38  Archon x6  
  165  20:39  Archon x2  
  163  20:54  Void Ray x2  
  163  20:55  Void Ray x5  
  186  20:57  Charge, Protoss Air Armor Level 2  
  186  20:59  Zealot  
  186  21:00  Zealot x4  
  186  21:01  Zealot x2  
  186  21:02  Zealot  
  174  21:39  Archon x2  
  172  21:44  Stalker x2  
  172  21:45  Stalker  
  172  21:46  Stalker x2  
  172  21:47  Stalker x2  
  184  21:48  Stalker x3  
  184  21:49  Stalker x2  
  184  21:50  Stalker x2  
  200  22:24  Nexus  
  200  22:26  Pylon x2  
  192  22:38  Blink  
  184  23:21  Stalker x3  
  184  23:22  Stalker x2  
  184  23:23  Zealot x3  
  200  24:21  Protoss Air Weapons Level 3  
  200  24:56  Assimilator  
  200  25:00  Assimilator  
  200  25:07  Nexus  
  200  25:10  Assimilator  
  200  25:14  Assimilator  
  200  27:09  Protoss Air Armor Level 3  
  200  28:06  Nexus  
  196  29:42  Observer  
  197  29:54  Gravitic Boosters  
  197  29:56  Observer  
  198  30:10  Observer  
Tags
 
Add a new tag
Caveats
  • Supply blocks, unpowered buildings, or Contaminate may cause inaccurate times.
  • Supply counts are checked every 10 seconds.